TOP OF THE 1ST |
St Charles Sheens batting - Pitching for Kansas City Kings : LHP Francisco Morales
|
Pitching: LHP Francisco Morales
|
|
Batting: RHB Miguel Palácios
|
0-0: Ball 1-0: Foul Ball, location: 2F 1-1: SINGLE (Flyball, 7LM)
|
Batting: RHB Júlio Figueroa
|
0-0: Ball 1-0: DOUBLE (Line Drive, 7LD) Miguel Palácios to third
|
Batting: LHB Stan Bates
|
0-0: Foul Ball, location: 2F 0-1: Called Strike 0-2: Foul Ball, location: 2F 0-2: Foul Ball, location: 2F 0-2: Foul Ball, location: 2F 0-2: Ball 1-2: Fly out, F8 (Flyball, 78S)
|
Batting: RHB Max Rash
|
0-0: Called Strike 0-1: Ball 1-1: Fly out, F9 (Flyball, 89M) Runner from 3rd tags up, SCORES, no throw
|
Batting: RHB Ben Dougherty
|
0-0: Ball 1-0: Ground out 6-3 (Groundball, 6)
|
Top of the 1st over - 1 run(s), 2 hit(s), 0 error(s), 1 left on base; St Charles 1 - Kansas City 0 |
BOTTOM OF THE 1ST |
Kansas City Kings batting - Pitching for St Charles Sheens : RHP Bill Hines
|
Pitching: RHP Bill Hines
|
|
Batting: SHB John Miller
|
0-0: SINGLE (Groundball, 34S) (infield hit)
|
Batting: LHB Stan Hickman
|
0-0: Foul Ball, location: 2F 0-1: Ball 1-1: Called Strike 1-2: Strikes out looking
|
Batting: LHB Brian Boone
|
0-0: Ball 1-0: Ball 2-0: Called Strike 2-1: SINGLE (Flyball, 89S) John Miller to second
|
Batting: RHB Toshimichi Kono
|
0-0: SINGLE (Groundball, 34D) John Miller to third Brian Boone to second
|
Batting: SHB Douglas Taylor
|
0-0: Ball 1-0: Ball 2-0: Called Strike 2-1: Fly out, F8 (Flyball, 78D) Runner from 3rd tags up, SCORES, no throw
|
Batting: RHB Dave Parker
|
0-0: Ball 1-0: Ball 2-0: Called Strike 2-1: Swinging Strike 2-2: Strikes out swinging
|
Bottom of the 1st over - 1 run(s), 3 hit(s), 0 error(s), 2 left on base; St Charles 1 - Kansas City 1 |
TOP OF THE 2ND |
St Charles Sheens batting - Pitching for Kansas City Kings : LHP Francisco Morales
|
Batting: RHB Jesús Hernández
|
0-0: SINGLE (Line Drive, 9S)
|
Batting: LHB Marcos Cantú
|
0-0: Ball 1-0: Called Strike 1-1: Ball 2-1: Reached on error, E6 (Groundball, 56) Jesús Hernández to second
|
Batting: RHB Dan Tyler
|
0-0: Swinging Strike 0-1: Called Strike 0-2: Fly out, F8 (Line Drive, 89M)
|
Batting: LHB Kyle Harrison
|
0-0: Called Strike 0-1: Fielders Choice at 2nd, 5-4 (Groundball, 5) Jesús Hernández to third
|
Batting: RHB Miguel Palácios
|
0-0: Foul Ball, location: 2F 0-1: Ball 1-1: Ground out 5-3 (Groundball, 56S)
|
Top of the 2nd over - 0 run(s), 1 hit(s), 1 error(s), 2 left on base; St Charles 1 - Kansas City 1 |
BOTTOM OF THE 2ND |
Kansas City Kings batting - Pitching for St Charles Sheens : RHP Bill Hines
|
Batting: LHB Luis González
|
0-0: Foul Ball, location: 2F 0-1: Foul Ball, location: 2F 0-2: Ball 1-2: Strikes out swinging
|
Batting: RHB Ronald Parsons
|
0-0: Ground out 1-3 (Groundball, 13S)
|
Batting: SHB José Cruz
|
0-0: Ball 1-0: Called Strike 1-1: Ground out 5-3 (Groundball, 5L)
|
Bottom of the 2nd over - 0 run(s), 0 hit(s), 0 error(s), 0 left on base; St Charles 1 - Kansas City 1 |
TOP OF THE 3RD |
St Charles Sheens batting - Pitching for Kansas City Kings : LHP Francisco Morales
|
Batting: RHB Júlio Figueroa
|
0-0: Foul Ball, location: 2F 0-1: Foul Ball, location: 2F 0-2: SINGLE (Groundball, 4MD)
|
Batting: LHB Stan Bates
|
0-0: Called Strike 0-1: Grounds into double play, 1-6-3 (Groundball, 13)
|
Batting: RHB Max Rash
|
0-0: Swinging Strike 0-1: Ball 1-1: Ball 2-1: Called Strike 2-2: Strikes out swinging
|
Top of the 3rd over - 0 run(s), 1 hit(s), 0 error(s), 0 left on base; St Charles 1 - Kansas City 1 |
BOTTOM OF THE 3RD |
Kansas City Kings batting - Pitching for St Charles Sheens : RHP Bill Hines
|
Batting: SHB John Miller
|
0-0: Fly out, F5 (Line Drive, 56)
|
Batting: LHB Stan Hickman
|
0-0: Called Strike 0-1: Ball 1-1: Ball 2-1: Foul Ball, location: 2F 2-2: Ball 3-2: SOLO HOME RUN (Line Drive, 9LD), Distance : 383 ft
|
Batting: LHB Brian Boone
|
0-0: Ball 1-0: Ball 2-0: Ball 3-0: Called Strike 3-1: Called Strike 3-2: Base on Balls
|
Batting: RHB Toshimichi Kono
|
0-0: Ball 1-0: Called Strike 1-1: Ball 2-1: Ball 3-1: Fly out, F8 (Line Drive, 8RM)
|
Batting: SHB Douglas Taylor
|
Pickoff Throw to First - Error! E1 Brian Boone to second 0-0: Called Strike 0-1: Fly out, F9 (Flyball, 9)
|
Bottom of the 3rd over - 1 run(s), 1 hit(s), 1 error(s), 1 left on base; St Charles 1 - Kansas City 2 |
TOP OF THE 4TH |
St Charles Sheens batting - Pitching for Kansas City Kings : LHP Francisco Morales
|
Batting: RHB Ben Dougherty
|
0-0: Called Strike 0-1: Foul Ball, location: 2F 0-2: Ball 1-2: Ball 2-2: Foul Ball, location: 2F 2-2: SINGLE (Line Drive, 6MD)
|
Batting: RHB Jesús Hernández
|
0-0: Ball 1-0: Foul Ball, location: 2F 1-1: Called Strike 1-2: Grounds into double play, 4-6-3 (Groundball, 4)
|
Batting: LHB Marcos Cantú
|
0-0: Foul Ball, location: 2F 0-1: Foul Ball, location: 2F 0-2: Ball 1-2: Foul Ball, location: 2F 1-2: Ground out 4-3 (Groundball, 4)
|
Top of the 4th over - 0 run(s), 1 hit(s), 0 error(s), 0 left on base; St Charles 1 - Kansas City 2 |
BOTTOM OF THE 4TH |
Kansas City Kings batting - Pitching for St Charles Sheens : RHP Bill Hines
|
Batting: RHB Dave Parker
|
0-0: Called Strike 0-1: Fly out, F9 (Line Drive, 9D)
|
Batting: LHB Luis González
|
0-0: Ball 1-0: Ground out 4-3 (Groundball, 4)
|
Batting: RHB Ronald Parsons
|
0-0: Ball 1-0: Swinging Strike 1-1: Swinging Strike 1-2: Ball 2-2: Ball 3-2: Foul Ball, location: 2F 3-2: Base on Balls
|
Batting: SHB José Cruz
|
0-0: Called Strike 0-1: Called Strike 0-2: Strikes out swinging
|
Bottom of the 4th over - 0 run(s), 0 hit(s), 0 error(s), 1 left on base; St Charles 1 - Kansas City 2 |
TOP OF THE 5TH |
St Charles Sheens batting - Pitching for Kansas City Kings : LHP Francisco Morales
|
Batting: RHB Dan Tyler
|
0-0: Fly out, F7 (Flyball, 7S)
|
Batting: LHB Kyle Harrison
|
0-0: Called Strike 0-1: SINGLE (Groundball, 56D)
|
Batting: RHB Miguel Palácios
|
0-0: Called Strike 0-1: Ball 1-1: Ball 2-1: Foul Ball, location: 2F 2-2: Fielders Choice at 2nd, 6-4 (Groundball, 6)
|
Batting: RHB Júlio Figueroa
|
0-0: Ball 1-0: Fly out, F7 (Flyball, 7LM)
|
Top of the 5th over - 0 run(s), 1 hit(s), 0 error(s), 1 left on base; St Charles 1 - Kansas City 2 |
BOTTOM OF THE 5TH |
Kansas City Kings batting - Pitching for St Charles Sheens : RHP Bill Hines
|
Batting: SHB John Miller
|
0-0: Hit by Pitch
|
Batting: LHB Stan Hickman
|
0-0: Ball 1-0: Ball 2-0: Called Strike 2-1: Swinging Strike 2-2: Ball 3-2: Base on Balls John Miller to second
|
Batting: LHB Brian Boone
|
0-0: 3-RUN HOME RUN (Flyball, 89XD), Distance : 383 ft
|
Batting: RHB Toshimichi Kono
|
0-0: Called Strike 0-1: Foul Ball, location: 2F 0-2: Ball 1-2: Foul Ball, location: 2F 1-2: Ball 2-2: Foul Ball, location: 2F 2-2: Foul Ball, location: 2F 2-2: Ball 3-2: Ground out 6-3 (Groundball, 6)
|
Batting: SHB Douglas Taylor
|
0-0: Foul Ball, location: 2F 0-1: Foul Ball, location: 2F 0-2: Ball 1-2: SINGLE (Groundball, 5S) (infield hit)
|
Batting: RHB Dave Parker
|
0-0: Called Strike Douglas Taylor steals 2nd base 0-1: Called Strike 0-2: Ball 1-2: Ball 2-2: Foul Ball, location: 2F 2-2: Fly out, F9 (Line Drive, 9S)
|
Batting: LHB Luis González
|
0-0: Called Strike 0-1: SINGLE (Line Drive, 9LS) Douglas Taylor to third Runner from 3rd tries for Home, SAFE, no throw
|
Pitching: RHP Pedro Santiago
|
|
Batting: RHB Ronald Parsons
|
0-0: Called Strike 0-1: Ball 1-1: Foul Ball, location: 2F 1-2: Strikes out swinging
|
Bottom of the 5th over - 4 run(s), 3 hit(s), 0 error(s), 1 left on base; St Charles 1 - Kansas City 6 |
TOP OF THE 6TH |
St Charles Sheens batting - Pitching for Kansas City Kings : LHP Francisco Morales
|
Batting: LHB Stan Bates
|
0-0: Fly out, F3 (Popup, 3L)
|
Batting: RHB Max Rash
|
0-0: Foul Ball, location: 2F 0-1: Ball 1-1: SINGLE (Groundball, 6MD)
|
Batting: RHB Ben Dougherty
|
0-0: Grounds into double play, 5-4-3 (Groundball, 56)
|
Top of the 6th over - 0 run(s), 1 hit(s), 0 error(s), 0 left on base; St Charles 1 - Kansas City 6 |
BOTTOM OF THE 6TH |
Kansas City Kings batting - Pitching for St Charles Sheens : RHP Pedro Santiago
|
Batting: SHB José Cruz
|
0-0: Ball 1-0: Called Strike 1-1: Swinging Strike 1-2: Fly out, F8 (Flyball, 8LM)
|
Batting: SHB John Miller
|
0-0: Called Strike 0-1: Foul Ball, location: 2F 0-2: SINGLE (Line Drive, 78S)
|
Batting: LHB Stan Hickman
|
0-0: Ball 1-0: Called Strike 1-1: Foul Ball, location: 2F 1-2: Ball 2-2: Ball 3-2: Foul Ball, location: 2F 3-2: Foul Ball, location: 2F 3-2: DOUBLE (Line Drive, 5D) John Miller to third John Miller scores
|
Batting: LHB Brian Boone
|
0-0: Called Strike 0-1: SINGLE (Groundball, 3D) Stan Hickman to third Runner from 3rd tries for Home, SAFE, throw made home Brian Boone to second
|
Batting: RHB Toshimichi Kono
|
0-0: Swinging Strike 0-1: Ball 1-1: Ball 2-1: Called Strike 2-2: Ball 3-2: Base on Balls
|
Batting: SHB Douglas Taylor
|
0-0: Ball 1-0: Ball 2-0: Fly out, F9 (Line Drive, 9)
|
Batting: RHB Dave Parker
|
0-0: Called Strike 0-1: Foul Ball, location: 2F 0-2: Fly out, F8 (Flyball, 8RM)
|
Bottom of the 6th over - 2 run(s), 3 hit(s), 0 error(s), 2 left on base; St Charles 1 - Kansas City 8 |
TOP OF THE 7TH |
St Charles Sheens batting - Pitching for Kansas City Kings : LHP Francisco Morales
|
Batting: RHB Jesús Hernández
|
0-0: Ball 1-0: Ball 2-0: Foul Ball, location: 2F 2-1: Foul Ball, location: 2F 2-2: Ball 3-2: Base on Balls
|
Batting: LHB Marcos Cantú
|
0-0: Ball Wild Pitch! Jesús Hernández to second 1-0: Foul Ball, location: 2F 1-1: Swinging Strike 1-2: Ball 2-2: Foul Ball, location: 2F 2-2: SINGLE (Groundball, 6MD) Jesús Hernández to third
|
Batting: RHB Dan Tyler
|
0-0: Ball 1-0: Called Strike 1-1: Swinging Strike 1-2: Foul Ball, location: 2F 1-2: DOUBLE (Line Drive, 7LM) Jesús Hernández scores Marcos Cantú to third Runner from 3rd tries for Home, throw and OUT! Dan Tyler to third
|
Batting: LHB Kyle Harrison
|
0-0: Called Strike 0-1: Ball 1-1: Foul Ball, location: 2F 1-2: Ground out 6-3 (Groundball, 6) Dan Tyler scores
|
Batting: RHB Miguel Palácios
|
0-0: Swinging Strike 0-1: Ball 1-1: SINGLE (Groundball, 56S) (infield hit)
|
Batting: RHB Júlio Figueroa
|
0-0: Swinging Strike 0-1: Foul Ball, location: 2F 0-2: Foul Ball, location: 2F 0-2: Foul Ball, location: 2F 0-2: Ball 1-2: SINGLE (Line Drive, 8RS) Miguel Palácios to second
|
Batting: LHB Stan Bates
|
0-0: Ball 1-0: Fielders Choice at 2nd, 6-4 (Groundball, 6)
|
Top of the 7th over - 2 run(s), 4 hit(s), 0 error(s), 1 left on base; St Charles 3 - Kansas City 8 |
BOTTOM OF THE 7TH |
Kansas City Kings batting - Pitching for St Charles Sheens : RHP Pedro Santiago
|
Batting: LHB Luis González
|
0-0: Swinging Strike 0-1: Foul Ball, location: 2F 0-2: Ball 1-2: Ground out 6-3 (Groundball, 6)
|
Batting: RHB Ronald Parsons
|
0-0: Called Strike 0-1: Ball 1-1: Ball 2-1: Ground out 5-3 (Groundball, 5)
|
Batting: SHB José Cruz
|
0-0: Ball 1-0: Foul Ball, location: 2F 1-1: Foul Ball, location: 2F 1-2: Ball 2-2: Foul Ball, location: 2F 2-2: SINGLE (Line Drive, 78S)
|
Batting: SHB John Miller
|
0-0: Called Strike 0-1: Ball 1-1: Fly out, F7 (Flyball, 7LS)
|
Bottom of the 7th over - 0 run(s), 1 hit(s), 0 error(s), 1 left on base; St Charles 3 - Kansas City 8 |
TOP OF THE 8TH |
St Charles Sheens batting - Pitching for Kansas City Kings : LHP Francisco Morales
|
Pitching: RHP Nick Parks
|
|
Batting: RHB Max Rash
|
0-0: Ball 1-0: Called Strike 1-1: Ball 2-1: Ball 3-1: Base on Balls
|
Batting: RHB Ben Dougherty
|
0-0: Ball 1-0: Called Strike 1-1: Called Strike 1-2: Ball 2-2: Strikes out swinging
|
Batting: RHB Jesús Hernández
|
0-0: Called Strike 0-1: Foul Ball, location: 2F 0-2: Foul Ball, location: 2F 0-2: Grounds into double play, 6-4-3 (Groundball, 6M)
|
Top of the 8th over - 0 run(s), 0 hit(s), 0 error(s), 0 left on base; St Charles 3 - Kansas City 8 |
BOTTOM OF THE 8TH |
Kansas City Kings batting - Pitching for St Charles Sheens : RHP Pedro Santiago
|
Batting: LHB Stan Hickman
|
0-0: Foul Ball, location: 2F 0-1: Called Strike 0-2: Foul Ball, location: 2F 0-2: Ball 1-2: Ball 2-2: Ground out 1-3 (Groundball, 15S)
|
Pitching: RHP Alejandro Longoria
|
|
Batting: LHB Brian Boone
|
0-0: Called Strike 0-1: SOLO HOME RUN (Flyball, 89XD), Distance : 380 ft
|
Batting: RHB Toshimichi Kono
|
0-0: Foul Ball, location: 2F 0-1: Ball 1-1: Foul Ball, location: 2F 1-2: Ball 2-2: Ball 3-2: Foul Ball, location: 2F 3-2: SINGLE (Groundball, 25) (infield hit)
|
Batting: SHB Douglas Taylor
|
0-0: Foul Ball, location: 2F 0-1: Fly out, F7 (Flyball, 78M)
|
Batting: RHB Dave Parker
|
0-0: SINGLE (Groundball, 34D) Toshimichi Kono to second Runner from 2nd tries for 3rd, OUT!
|
Bottom of the 8th over - 1 run(s), 3 hit(s), 0 error(s), 1 left on base; St Charles 3 - Kansas City 9 |
TOP OF THE 9TH |
St Charles Sheens batting - Pitching for Kansas City Kings : RHP Nick Parks
|
Batting: LHB Marcos Cantú
|
0-0: Called Strike 0-1: Ground out 5-3 (Groundball, 5)
|
Batting: RHB Dan Tyler
|
0-0: Swinging Strike 0-1: Fly out, F8 (Flyball, 89D)
|
Batting: LHB Kyle Harrison
|
0-0: Ball 1-0: Ball 2-0: SINGLE (Line Drive, 8LS)
|
Batting: RHB Miguel Palácios
|
0-0: Called Strike 0-1: Called Strike 0-2: Ball 1-2: Ground out 6-3 (Groundball, 6S)
|
Top of the 9th over - 0 run(s), 1 hit(s), 0 error(s), 1 left on base; St Charles 3 - Kansas City 9 |
|